 Dungeon Crawl Stone Soup version 0.26.1-11-gd32895ea62 (webtiles) character file.

Game seed: 2896497030203024698

23 Zeld the Sneak (level 2, -1/14 HPs)
             Began as a Felid Delver on June 7, 2021.
             Was an Initiate of Zin.
             Slain by a bullfrog (6 damage)
             ... on level 6 of the Dungeon.
             The game lasted 00:01:27 (709 turns).

Zeld the Sneak (Felid Delver)                        Turns: 709, Time: 00:01:28

Health: -1/14      AC:  1    Str:  8    XL:     2   Next: 75%
Magic:  3/3        EV: 18    Int: 11    God:    Zin [......]
Gold:   0          SH:  0    Dex: 17    Spells: 1/1 levels left
                                        Lives:  0   Deaths: 0

rFire    . . .     SeeInvis +     - Unarmed
rCold    . . .     Faith    .   (shield unavailable)
rNeg     . . .     Spirit   .   (armour unavailable)
rPois    .         Reflect  .   (helmet unavailable)
rElec    .         Harm     .   (cloak unavailable)
rCorr    .         Rampage  .   (gloves unavailable)
Will     .....                  (boots unavailable)
Stlth    ++++......             (no amulet)
HPRegen  0.04/turn              (no ring)
MPRegen  0.08/turn              (no ring)

@: quick
A: very small, no armour, no weapons or thrown items, stealth, claws 1, fangs 3,
see invisible, speed 1, shaggy fur 1, sharp paws
a: Renounce Religion, Donate Gold


You were on level 6 of the Dungeon.
You worshipped Zin.
Zin was noncommittal.
You visited 2 branches of the dungeon, and saw 3 of its levels.

You collected 12 gold pieces.
You donated 12 gold pieces to Zin.

Inventory:

Wands
 e - a wand of digging (3)
Scrolls
 a - a scroll of fog
 b - a scroll of magic mapping
 c - a scroll of fear
Potions
 d - a potion of haste


   Skills:
 * Level 3.4 Fighting
 - Level 2.6 Dodging
 + Level 6.8 Stealth
 * Level 2.6 Unarmed Combat


You had one spell level left.
You didn't know any spells.
Your spell library was empty.

Dungeon Overview and Level Annotations

Branches:
Dungeon (6/15)             Temple (1/1) D:5

Altars:
Ashenzari
Cheibriados
Gozag
Nemelex Xobeh
Qazlal
Sif Muna
Wu Jian
Xom
Zin

Annotations:
D:5 Pikel


Innate Abilities, Weirdness & Mutations

You cannot wear armour.
You are incapable of wielding weapons or throwing items.
Your paws allow you to move quietly. (Stealth)
You have sharp claws.
You have razor-sharp teeth.
You have supernaturally acute eyesight. (SInv)
You cover ground quickly.
You are covered in fur. (AC +1)
Your sharp claws are effective at attacking unaware monsters.


Message History

The bullfrog misses you.
You closely miss the bullfrog.
The bullfrog is heavily wounded.
The bullfrog closely misses you.
You completely miss the bullfrog.
The bullfrog is heavily wounded.
The bullfrog misses you. The bullfrog closely misses you.
You scratch the bullfrog.
The bullfrog is heavily wounded.
The bullfrog barely misses you.
You miss the bullfrog.
The bullfrog is heavily wounded.
The bullfrog misses you. The bullfrog closely misses you.
You closely miss the bullfrog.
The bullfrog is heavily wounded.
The bullfrog misses you.
You closely miss the bullfrog.
The bullfrog is heavily wounded.
The bullfrog completely misses you. The bullfrog hits you.
You die...

# ####.# #....# #.####
#.# #.# ...#######.# #
.......@F..######.#
#.#.############........#
##.........#.#
#.#####....(#
#............###.# .....
#..o######.#<....# ...# #
#.#.........# F.#
................ ..
##..o........#.. #
.............#


You could see a bullfrog.

Vanquished Creatures
  An adder (D:6)
  An ufetubus (D:5)
  An ooze (D:5)
  A worm (D:5)
  A quokka zombie (D:5)
5 creatures vanquished.

Notes
Turn   | Place    | Note
-------+----------+-------------------------------------------
     0 | D:5      | Zeld the Felid Delver began the quest for the Orb.
     0 | D:5      | Reached XP level 1. HP: 10/10 MP: 2/2
    29 | D:5      | Reached XP level 2. HP: 14/14 MP: 3/3
    66 | D:5      | Found a staircase to the Ecumenical Temple.
    75 | Temple   | Entered the Ecumenical Temple
   133 | Temple   | Became a worshipper of Zin the Law-Giver
   359 | D:5      | Noticed a lemure
   359 | D:5      | Noticed a lemure
   361 | D:5      | Noticed Pikel
   361 | D:5      | Noticed a lemure
   361 | D:5      | Noticed a lemure
   541 | D:6      | Noticed a water moccasin
   688 | D:6      | Noticed a bullfrog
   696 | D:6      | Donated 6 gold pieces to Zin
   697 | D:6      | Donated 3 gold pieces to Zin
   698 | D:6      | Donated 2 gold pieces to Zin
   709 | D:6      | Slain by a bullfrog

Illustrated notes

Levels and vault maps discovered:
D:5:      layout_loops_cross, makhleb_grotto_becter, lemuel_temple_firewalk_b,
          uniq_pikel, uniq_duvessa
D:6:      layout_basic, okawaru_altar_gauntlet_db
Temple:   jpeg_temple_island

Action                   || total
-------------------------++-------
Melee: Unarmed           ||    36
       Punch             ||     1
       Bite              ||     6
Invok: Donate Gold       ||     3
 Stab: Sleeping          ||     3
       Distracted        ||     1
Dodge: Dodged            ||    31
